 Dungeon Crawl Stone Soup version 0.29.1-12-g30fa7ad0bf (webtiles) character file.

Game seed: 17028194656406037347

2790 cheesebisquit the Severer (level 9, -3/71 HPs)
             Began as a Minotaur Berserker on Jan 5, 2023.
             Was an Elder of Trog.
             Slain by a yak (9 damage)
             ... on level 9 of the Dungeon.
             The game lasted 00:27:56 (5173 turns).

cheesebisquit the Severer (Minotaur Berserker)      Turns: 5173, Time: 00:27:57

Health: -3/71      AC: 13    Str: 26    XL:     9   Next: 43%
Magic:  0/8        EV: 13    Int:  4    God:    Trog [****..]
Gold:   285        SH:  0    Dex: 10    Spells: 8/8 levels left

rFire   . . .      SeeInvis .   G - +0 war axe
rCold   . . .      Faith    .   (no shield)
rNeg    . . .      Spirit   +   z - +0 chain mail
rPois   .          Reflect  .   (helmet restricted)
rElec   .          Harm     .   (no cloak)
rCorr   .          Rampage  .   (no gloves)
Will    ++...                   (no boots)
Stlth   ..........              u - amulet of guardian spirit
HPRegen 1.21/turn               f - +4 ring of protection
MPRegen 0.11/turn               i - +4 ring of evasion

@: strong-willed (expiring), regenerating (expiring), invisible
A: horns 2, retaliatory headbutt
a: Renounce Religion, Berserk, Trog's Hand, Brothers in Arms


You were on level 9 of the Dungeon.
You worshipped Trog.
Trog was greatly pleased with you.
You visited 1 branch of the dungeon, and saw 7 of its levels.

You collected 285 gold pieces.

Inventory:

Hand Weapons
 a - a +0 hand axe
 y - a +0 flail of protection
 G - a +0 war axe (weapon)
Missiles
 q - 46 stones
 A - 15 poisoned darts (quivered)
Armour
 b - a +0 animal skin
 j - a +2 leather armour of fire resistance
 w - a +0 ring mail
 z - a +0 chain mail (worn)
Jewellery
 f - a +4 ring of protection (left hand)
 i - a +4 ring of evasion (right hand)
 u - an amulet of guardian spirit (around neck)
Wands
 H - a wand of digging (6)
Scrolls
 c - 2 scrolls of vulnerability
 d - 3 scrolls of magic mapping {unknown}
 e - 2 scrolls of teleportation
 l - a scroll of enchant weapon {unknown}
 n - a scroll of fog {unknown}
 o - a scroll of immolation {unknown}
 r - 2 scrolls of brand weapon {unknown}
 s - a scroll of acquirement {unknown}
 B - 3 scrolls of identify
 F - 2 scrolls of noise {unknown}
Potions
 g - 2 potions of ambrosia {unknown}
 h - a potion of resistance
 k - a potion of brilliance {unknown}
 m - 2 potions of lignification
 t - 2 potions of flight
 v - a potion of curing
 x - 3 potions of might {unknown}
 C - a potion of heal wounds {unknown}
 D - a potion of cancellation {unknown}
 E - a potion of attraction {unknown}


   Skills:
 - Level 4.0 Fighting
 + Level 15.3 Axes
 - Level 3.0 Armour
 - Level 2.7 Dodging


You had 8 spell levels left.
You didn't know any spells.
Your spell library was empty.

Dungeon Overview and Level Annotations

Branches:
Dungeon (6/15)
 Temple: D:4-7

Altars:
Cheibriados
Nemelex Xobeh
Qazlal
Ru
Xom

Shops:
D:1 :


Innate Abilities, Weirdness & Mutations

You have a pair of horns on your head.
You reflexively headbutt those who attack you in melee.


Message History

You barely miss the yak. The yak gores you but does no damage.
You hit the yak.
The yak is lightly wounded.
You slash the yak! The yak completely misses you. You furiously retaliate!
You headbutt the yak, but do no damage. You slash the yak!
You headbutt the yak. You punch the yak.
The yak is heavily wounded.
You hit the yak. x2; The yak gores you. The yak barely misses you.
The yak gores you but does no damage.
You barely miss the yak.
The yak is heavily wounded.
You hit the yak. x2
You hit the yak. Your headbutt misses the yak.
The yak is severely wounded.
You barely miss the yak. You slash the yak!
The yak gores you but does no damage. x2; The yak misses you.
You furiously retaliate!
You headbutt the yak. You slash the yak!
You kill the yak!
Trog accepts your kill.
You can now call in reinforcements.
You slash the yak! You hit the yak. The yak gores you!
The yak gores you but does no damage.
Your Axes skill increases to level 15!
You barely miss the yak. Your headbutt misses the yak. You hit the yak.
You kill the yak!
Trog accepts your kill.
You slash the yak! The yak closely misses you. The yak gores you.
* * * LOW HITPOINT WARNING * * *
You slash the yak!
The yak is moderately wounded.
You slash the yak!
You recover from your berserk rage.
You feel the effects of Trog's Hand fading.
The yak gores you!
* * * LOW HITPOINT WARNING * * *
The yak gores you!
* * * LOW HITPOINT WARNING * * *
You fade into invisibility!
The yak gores you but does no damage. The yak gores you!
You die...

# #...... .####+###
..... +###.........
..... ...#####.....
.... .......#.....
#..###.......#.....
#..#.........##....
#YY#......... +....
#†@#......... #....
+..##'#########....
###..................
.............#########.
##########...#.......+.
#...#.......##
#...#.........
#...#.........
#..>#.........


You could see 2 yaks.

Vanquished Creatures
  Grinder (D:4)
  6 yaks (D:9)
  A wraith (D:9)
  A steam dragon (D:9)
  An orc warrior (D:9)
  2 ogres (D:5)
  A centaur (D:5)
  4 scorpions
  5 wights
  2 howler monkeys (D:9)
  A jelly (D:6)
  2 hounds (D:5)
  An orc priest (D:3)
  An iron imp (D:5)
  2 iguanas
  4 orc wizards
  Robin (D:4)
  A gnoll (D:1)
  7 adders
  2 river rats (D:5)
  4 worms
  5 dart slugs
  23 orcs
  4 endoplasms
  3 giant cockroaches
  14 goblins
  9 hobgoblins
  4 jackals (D:1)
  8 kobolds
  6 quokkas
  9 ball pythons
  3 bats
  2 frilled lizards (D:1)
  13 rats
153 creatures vanquished.

Notes
Turn   | Place    | Note
-------+----------+-------------------------------------------
     0 | D:1      | cheesebisquit the Minotaur Berserker began the quest for
                  | the Orb.
     0 | D:1      | Reached XP level 1. HP: 19/19 MP: 0/0
   189 | D:1      | Reached XP level 2. HP: 15/27 MP: 1/1
   335 | D:1      | Reached skill level 4 in Axes
   456 | D:1      | Found Beidofil's Book Shop.
   507 | D:1      | Found a faded altar of an unknown god.
   512 | D:1      | Reached XP level 3. HP: 33/33 MP: 2/2
   634 | D:1      | Reached ** piety under Trog
  1685 | D:2      | Reached skill level 5 in Axes
  1882 | D:3      | Reached XP level 4. HP: 40/40 MP: 3/3
  2069 | D:3      | Reached *** piety under Trog
  2075 | D:3      | Found a stormy altar of Qazlal.
  2127 | D:3      | Reached skill level 6 in Axes
  2159 | D:3      | Reached XP level 5. HP: 46/46 MP: 4/4
  2485 | D:4      | Noticed Robin
  2496 | D:4      | Killed Robin
  2695 | D:4      | Reached skill level 7 in Axes
  2798 | D:4      | Found a sacrificial altar of Ru.
  2932 | D:4      | Noticed Grinder
  2959 | D:4      | Killed Grinder
  2960 | D:4      | Reached skill level 8 in Axes
  2960 | D:4      | Reached XP level 6. HP: 52/52 MP: 3/5
  3173 | D:4      | Reached skill level 9 in Axes
  3173 | D:4      | Reached XP level 7. HP: 59/59 MP: 6/6
  3358 | D:5      | Entered Level 5 of the Dungeon
  3648 | D:5      | Found a snail-covered altar of Cheibriados.
  3794 | D:5      | Reached skill level 10 in Axes
  3845 | D:5      | Found a sparkling altar of Nemelex Xobeh.
  4089 | D:5      | Reached **** piety under Trog
  4120 | D:5      | Found a glowing drain.
  4173 | D:5      | Reached skill level 11 in Axes
  4173 | D:5      | Reached XP level 8. HP: 55/66 MP: 5/7
  4315 | D:5      | Reached skill level 12 in Axes
  4675 | D:6      | Identified the +1 mace "Liraobah" {antimagic, Dex+3}
  4707 | D:6      | You fall into a shaft and drop 3 floors!
  4774 | D:9      | Found a shimmering altar of Xom.
  4791 | D:9      | Found a shimmering altar of Xom.
  4794 | D:9      | Found a shimmering altar of Xom.
  4825 | D:9      | Found a shimmering altar of Xom.
  4827 | D:9      | Found a shimmering altar of Xom.
  4890 | D:9      | Reached skill level 13 in Axes
  5162 | D:9      | Reached skill level 14 in Axes
  5162 | D:9      | Reached XP level 9. HP: 41/71 MP: 3/8
  5171 | D:9      | Reached skill level 15 in Axes
  5173 | D:9      | Slain by a yak

Illustrated notes

Levels and vault maps discovered:
D:1:      dpeg_arrival_rooms_with_view, layout_rooms,
          hellmonk_ecumenical_altar_crossroads, serial_shops,
          nicolae_shop_behind_doors
D:2:      layout_basic, roderic_serpentine_path
D:3:      layout_rooms, lemuel_crystal_altar
D:4:      layout_loops_corners, nicolae_ru_great_annihilating_truth, uniq_robin,
          uniq_grinder
D:5:      layout_basic, chei_slow_surprise, mainiacjoe_overflow_alcove_4,
          serial_corexii_hall, chequers_hall_statues_y,
          corexii_hall_statues_deadend, chequers_hall_statues_wall_a,
          lightli_sewer_entry_pipes, minmay_increasing_density
D:6:      layout_basic, mainiacjoe_overflow_alcove_2,
          nicolae_overflow_crystal_walls, uniq_prince_ribbit1
D:9:      layout_irregular_city, xom_shifter_show,
          mainiacjoe_overflow_catwalk_spiral

Skill      XL: |  1  2  3  4  5  6  7  8  9 |
---------------+----------------------------+-----
Fighting       | 4 |  4.0
Axes           | 4 5 6 8 9 11 14 15 | 15.3
Armour         | 3 |  3.0
Dodging        | |  2.7

Action                   |  1- 3 |  4- 6 |  7- 9 || total
-------------------------+-------+-------+-------++-------
Melee: Hand axe          |   101 |   135 |   118 ||   354
       Headbutt          |     9 |    14 |    30 ||    53
       Punch             |     2 |     1 |     1 ||     4
       War axe           |       |       |    52 ||    52
Invok: Trog's Hand       |       |     2 |     5 ||     7
       Berserk           |       |     1 |     4 ||     5
  Use: Scroll            |       |     6 |     1 ||     7
       Potion            |       |       |     1 ||     1
 Stab: Sleeping          |     1 |       |       ||     1
       Paralysed         |       |     3 |       ||     3
Armor: Animal skin       |    26 |       |       ||    26
       Leather armour    |     8 |     4 |       ||    12
       Chain mail        |       |    33 |    60 ||    93
       Ring mail         |       |     1 |       ||     1
Dodge: Dodged            |    60 |    86 |   106 ||   252
